 Dungeon Sprint DCSS version 0.30-a0-219-gf2db51d15e (webtiles) character file.

Game seed: 5660344252538219743

26 rocky1 the Trooper (level 3, -1/36 HPs)
             Began as a Naga Fighter on Oct 7, 2022.
             Was a Priest of Cheibriados.
             Slain by a sky beast (6 damage)
             ... in the Dungeon (Sprint VII: "The Pits").
             The game lasted 00:01:33 (425 turns).

rocky1 the Trooper (Naga Fighter)                    Turns: 425, Time: 00:01:34

Health: -1/36      AC:  4    Str: 26    XL:     3   Next: 8%
Magic:  3/3        EV:  7    Int: 16    God:    Cheibriados [***...]
Gold:   0          SH:  6    Dex: 20    Spells: 2/2 levels left

rFire   . . .      SeeInvis +    a - +0 rapier
rCold   . . .      Faith    .    c - +0 buckler
rNeg    . . .      Spirit   .    b - +0 scale mail
rPois   +          Reflect  .    (no helmet)
rElec   .          Harm     .    (no cloak)
rCorr   .          Rampage  .    (no gloves)
Will    .....      NoTele   +    (no barding)
Stlth   +.........               (no amulet)
HPRegen 0.26/turn                (no ring)
MPRegen 0.08/turn                (no ring)

@: very slow
A: AC +1, large, see invisible, deformed body, poison resistance, slowness 2,
spit poison 1, naga tail 1
a: Spit Poison, Renounce Religion, Bend Time, Temporal Distortion


You were in the Dungeon.
You worshipped Cheibriados.
Cheibriados was most pleased with you.
You visited 1 branch

Inventory:

Hand Weapons
 a - a +0 rapier (weapon)
 n - a +2 falchion
Armour
 b - a +0 scale mail (worn)
 c - a +0 buckler (worn)
Scrolls
 j - a scroll of blinking
 l - 5 scrolls of amnesia
 m - a scroll of summoning
Potions
 d - a potion of might
 e - a potion of curing
 g - a potion of haste
 h - 4 potions of magic
 i - 3 potions of berserk rage
 k - 2 potions of invisibility


   Skills:
 + Level 3.9 Fighting
 + Level 3.1 Short Blades
 + Level 3.2 Armour
 + Level 3.7 Stealth
 + Level 3.5 Shields
 + Level 1.0 Invocations


You had 2 spell levels left.
You didn't know any spells.
Your spell library was empty.

Dungeon Overview and Level Annotations

Branches:
Dungeon (1/1)

Altars:
Ashenzari
Cheibriados
Dithmenos
Elyvilon
Fedhas
Gozag
Hepliaklqana
Kikubaaqudgha
Makhleb
Nemelex Xobeh
Okawaru
Qazlal
Ru
Sif Muna
Trog
Uskayaw
Vehumet
Wu Jian
Xom
Yredelemnul
Zin
The Shining One
Jiyva
Lugonu


Innate Abilities, Weirdness & Mutations

Your serpentine skin is tough. (AC +1)
You have supernaturally acute eyesight. (SInv)
Armour fits poorly on your strangely shaped body.
Your system is resistant to poisons. (rPois)
You cover ground very slowly.
You can spit poison.
You have a snake-like lower body.


Message History

The sky beast is lightly wounded.
The sky beast flickers out of sight for a moment.
The sky beast barely misses you.
You completely miss the sky beast.
The sky beast is lightly wounded.
The sky beast hits you. The sky beast shocks you.
You barely miss the sky beast.
The sky beast is lightly wounded.
The sky beast hits you.
* * * LOW HITPOINT WARNING * * *
The sky beast shocks you.
* * * LOW HITPOINT WARNING * * *
Unknown command.
You feel much better.
The sky beast hits you but does no damage.
Unknown command.
You completely miss the sky beast.
The sky beast is lightly wounded.
The sky beast barely misses you.
You barely miss the sky beast.
The sky beast is lightly wounded.
You block the sky beast's attack.
You miss the sky beast.
The sky beast is lightly wounded.
The sky beast barely misses you.
You hit the sky beast but do no damage.
The sky beast is lightly wounded.
The sky beast hits you but does no damage.
The sky beast hits you. The sky beast shocks you.
You hit the sky beast but do no damage. The sky beast hits you.
The sky beast shocks you.
You closely miss the sky beast. The sky beast hits you.
The sky beast shocks you.
* * * LOW HITPOINT WARNING * * *
You barely miss the sky beast.
The sky beast hits you but does no damage.
You closely miss the sky beast. The sky beast hits you.
* * * LOW HITPOINT WARNING * * *
The sky beast shocks you.
You die...

#...........).........
#+#####)#####......#..
#..#†.# #.........
#..)..# ####'#####
#..#### #.......#
#..#..# #.......#
#..#..# #.......#
##'#Y.#+###...<...#
#..@.....##.......#
#........##.......#
###########.......#
#########


You could see a sky beast.

Vanquished Creatures
  A gnoll (D)
  An ufetubus (D)
  An adder zombie (D)
  An orc (D)
  A bat skeleton (D)
  A goblin (D)
  A quokka (D)
  2 bats (D)
9 creatures vanquished.

Notes
Turn   | Place    | Note
-------+----------+-------------------------------------------
     0 | D        | rocky1 the Naga Fighter began the quest for the Orb.
     0 | D        | Reached XP level 1. HP: 21/21 MP: 1/1
    17 | D        | Reached XP level 2. HP: 11/28 MP: 2/2
    88 | D        | Found a bloodstained altar of Trog.
    88 | D        | Found a shimmering blue altar of Sif Muna.
    88 | D        | Found a viscous altar of Jiyva.
    88 | D        | Found a hazy altar of Hepliaklqana.
    88 | D        | Found an opulent altar of Gozag.
   112 | D        | Found a glowing golden altar of the Shining One.
   112 | D        | Found a glowing silver altar of Zin.
   112 | D        | Found a basalt altar of Yredelemnul.
   112 | D        | Found a shimmering altar of Xom.
   112 | D        | Found an ornate altar of the Wu Jian Council.
   112 | D        | Found a sacrificial altar of Ru.
   112 | D        | Found a stormy altar of Qazlal.
   112 | D        | Found an iron altar of Okawaru.
   112 | D        | Found a sparkling altar of Nemelex Xobeh.
   112 | D        | Found a burning altar of Makhleb.
   112 | D        | Found a blossoming altar of Fedhas.
   112 | D        | Found a white marble altar of Elyvilon.
   112 | D        | Found a shadowy altar of Dithmenos.
   112 | D        | Found a snail-covered altar of Cheibriados.
   116 | D        | Found a corrupted altar of Lugonu.
   116 | D        | Found a radiant altar of Vehumet.
   117 | D        | Found a broken altar of Ashenzari.
   117 | D        | Found an ancient bone altar of Kikubaaqudgha.
   117 | D        | Found a hide-covered altar of Uskayaw.
   123 | D        | Became a worshipper of Cheibriados the Contemplative
   159 | D        | Reached * piety under Cheibriados
   302 | D        | Reached ** piety under Cheibriados
   398 | D        | Reached *** piety under Cheibriados
   412 | D        | Reached skill level 1 in Invocations
   412 | D        | Reached XP level 3. HP: 24/36 MP: 3/3
   412 | D        | Noticed a sky beast
   425 | D        | Slain by a sky beast

Illustrated notes

Levels and vault maps discovered:
D:        pitsprint [storerooms_1, entrance_room_1, metal_vault_5, armoury_2,
          mini_pit_1, grid_room_1, main_hall_1, silver_pit, the_coven_1,
          the_vestibule_1, steel_vault_3, golden_pit, hallway_of_sentries,
          crystal_vault_6, iron_vault_1, final_vault]

Skill      XL: |  1  2 |
---------------+-------+-----
Stealth        | 2 3 |  3.7
Shields        | 3 |  3.5
Armour         | 3 |  3.2
Short Blades   | 3 |  3.1
Invocations    | 1 |  1.0
Fighting       | |  3.9

Action                   || total
-------------------------++-------
Melee: Rapier            ||    52
 Abil: Spit Poison       ||     1
  Use: Potion            ||     1
 Stab: Distracted        ||     1
Armor: Scale mail        ||    18
Dodge: Dodged            ||    20
Block: Buckler           ||    10

Table legend: (Time is in decaauts)
 A = Elapsed time spent in this place.
 B = Non-inter-level travel time spent in this place.
 C = Inter-level travel time spent in this place.
 D = Time resting spent in this place.
 E = Time spent auto-exploring this place.
 F = Levels seen in this place.
 G = Mean time per level.
                   A        B        C        D        E       F      G
               +--------+--------+--------+--------+--------+-----+--------+
         Total |    485 |    485 |      0 |    279 |      0 |   1 |  485.0 |
       Dungeon |    485 |    485 |      0 |    279 |      0 |   1 |  485.0 |
               +--------+--------+--------+--------+--------+-----+--------+

Top non-repeatable levels by time:
       D: 485 daAuts
